Map: Tours du crépuscule

Players

Worming - Winner!

  • Race: Zerg Zerg
  • League: Diamond

Pernee

  • Race: Zerg Zerg
  • League: Diamond

VOD

Have the link to the VOD?

Description

Time

  • Played on: Dec. 10, 2015, 12:07 p.m.
  • Length: 13:40
Show
View Real Time Build Order
Export as new Build Order

Worming Zerg - Winner!

Build Orders: Hatch First, Lurkers 

Get SALT Encoding   

  12  0:01  Drone  
  13  0:12  Overlord  
  13  0:17  Drone  
  14  0:23  Extractor  
  14  0:24  Drone  
  15  0:31  Drone  
  15  0:34  Drone  
  17  0:55  Hatchery  
  17  0:56  Drone  
  17  1:00  Extractor  
  16  1:12  Spawning Pool  
  16  1:14  Drone  
  16  1:18  Drone  
  17  1:20  Drone  
  18  1:34  Drone  
  19  1:40  Overlord  
  19  1:52  Drone  
  20  1:58  Queen  
  22  2:04  Zergling x2  
  22  2:08  Zergling x2  
  24  2:09  Queen  
  26  2:16  Metabolic Boost  
  26  2:17  Zergling x2  
  26  2:19  Drone  
  28  2:29  Baneling Nest  
  27  2:32  Drone x3  
  30  2:46  Drone x2  
  32  3:10  Drone x4  
  36  3:13  Overlord x3  
  36  3:14  Overlord  
  36  3:34  Zergling x6  
  36  3:35  Zergling x4  
  41  3:44  Spine Crawler  
  41  3:47  Zergling x4  
  42  3:58  Drone x4  
  46  4:03  Hatchery  
  46  4:07  Baneling  
  46  4:08  Baneling x5  
  45  4:27  Evolution Chamber, Extractor  
  43  4:32  Drone x3  
  43  4:36  Queen x2  
  50  4:43  Drone x3  
  53  4:46  Extractor  
  53  4:47  Drone x3  
  53  4:48  Drone x3, Extractor  
  57  4:54  Zerg Missile Weapons Level 1  
  57  4:57  Drone x2  
  57  4:58  Roach Warren  
  56  5:09  Zergling x8  
  60  5:28  Zergling x10  
  64  5:37  Zergling x4  
  64  5:41  Roach  
  54  5:57  Drone x8  
  58  6:09  Roach x4  
  64  6:18  Roach x3  
  69  6:23  Roach x2  
  69  6:24  Zergling x4  
  65  6:46  Roach Warren  
  62  6:53  Zergling x30  
  69  6:58  Queen  
  71  7:13  Baneling x2  
  71  7:28  Lair  
  71  7:33  Roach  
  71  7:34  Roach  
  71  7:35  Overlord x2  
  71  7:36  Overlord  
  68  7:46  Roach x4  
  73  7:56  Roach x7  
  52  8:24  Drone x12  
  62  8:31  Spine Crawler  
  62  8:32  Roach x3  
  67  8:39  Zergling x6  
  67  8:40  Ravager x2  
  67  8:41  Ravager x3  
  75  9:00  Baneling  
  75  9:01  Baneling x3  
  75  9:02  Roach x7  
  77  9:13  Glial Reconstitution  
  77  9:14  Zerg Missile Weapons Level 2  
  77  9:20  Ravager x2  
  77  9:21  Roach x4  
  77  9:23  Drone x2  
  89  9:25  Drone  
  90  9:44  Drone  
  91  9:46  Roach  
  91  9:47  Roach x2  
  91  9:52  Overlord x2  
  97  10:07  Overlord x2  
  97  10:09  Drone  
  97  10:10  Drone  
  97  10:12  Roach x7  
  113  10:15  Ravager  
  113  10:16  Overlord x2  
  111  10:40  Overlord x2  
  111  10:43  Extractor  
  111  10:44  Drone x3  
  111  10:45  Drone, Hydralisk Den  
  111  10:46  Drone x5  
  111  10:47  Extractor  
  117  10:53  Queen  
  117  10:54  Drone x2  
  117  10:55  Drone  
  122  10:57  Overseer  
  120  11:15  Hydralisk  
  120  11:16  Hydralisk x4  
  120  11:18  Lurker Den  
  130  11:27  Ravager  
  130  11:28  Ravager x4  
  125  11:40  Hatchery  
  125  11:45  Roach x6  
  125  11:46  Roach x4  
  140  12:05  Hydralisk x3  
  140  12:07  Overlord x2  
  146  12:24  Overseer  
  146  12:26  Pneumatized Carapace  
  146  12:38  Extractor  
  146  12:42  Overlord, Extractor  
  144  12:46  Lurker  
  144  12:47  Lurker x4  
  144  12:49  Zergling x20  
  159  12:59  Overlord x2  
Show
View Real Time Build Order
Export as new Build Order

Pernee Zerg 

Build Orders: Hatch First 

Get SALT Encoding   

  12  0:01  Drone  
  13  0:13  Overlord  
  13  0:17  Drone  
  14  0:31  Drone x2  
  16  0:37  Drone  
  17  0:54  Hatchery  
  16  0:57  Drone  
  16  1:01  Drone  
  18  1:15  Spawning Pool  
  18  1:18  Extractor  
  16  1:19  Drone  
  17  1:28  Drone  
  17  1:30  Drone  
  19  1:46  Drone  
  20  1:51  Overlord  
  20  2:01  Queen  
  20  2:06  Roach Warren  
  20  2:08  Queen  
  21  2:09  Drone  
  21  2:13  Zergling x2  
  25  2:17  Zergling x2  
  26  2:28  Drone x2  
  28  2:34  Zergling x4  
  30  2:43  Drone  
  31  2:50  Roach  
  31  2:51  Roach  
  35  3:06  Overlord  
  35  3:07  Overlord  
  35  3:16  Extractor  
  35  3:17  Drone  
  35  3:18  Drone  
  36  3:21  Overlord  
  36  3:26  Overlord  
  36  3:27  Drone x4  
  40  3:38  Roach x2  
  44  3:53  Drone x3  
  44  3:54  Drone x2  
  44  3:55  Roach x3  
  55  4:01  Roach  
  57  4:10  Metabolic Boost  
  57  4:12  Roach  
  59  4:23  Roach x4  
  67  4:25  Overlord  
  67  4:31  Overlord  
  67  4:35  Ravager  
  68  4:45  Roach x4  
  74  5:10  Roach  
  74  5:11  Roach x4  
  74  5:12  Overlord x2  
  83  5:34  Zergling x2  
  83  5:35  Zergling x10  
  86  5:53  Zergling x2  
  86  5:54  Zergling x10  
  75  6:15  Hatchery  
  74  6:24  Roach x3  
  74  6:25  Roach x2  
  84  6:31  Roach  
  84  6:32  Roach x5  
  88  6:44  Roach x3  
  88  6:54  Roach  
  85  6:55  Roach  
  86  7:11  Roach x2  
  86  7:12  Ravager x3  
  93  7:16  Drone  
  93  7:17  Drone  
  93  7:21  Extractor  
  93  7:22  Zergling x2  
  87  7:55  Zergling x2, Roach  
  87  7:56  Zergling x20  
  91  8:07  Roach  
  85  8:16  Zergling x4  
  85  8:17  Zergling x2  
  81  8:24  Drone x2  
  81  8:25  Drone  
  77  8:36  Roach x3  
  77  8:39  Ravager x4  
  86  8:41  Roach  
  86  8:42  Roach  
  90  8:51  Queen, Drone x3  
  79  9:14  Drone x6  
  83  9:19  Lair  
  83  9:26  Roach x3  
  83  9:27  Overlord x2  
  83  9:28  Overlord  
  89  9:33  Spine Crawler  
  89  9:34  Spine Crawler  
  89  9:38  Ravager x3  
  90  9:50  Roach x4  
  90  9:51  Overlord, Roach x2  
  90  9:52  Overlord x2  
  102  9:55  Roach x2  
  102  9:56  Zergling x8  
  110  10:11  Evolution Chamber  
  109  10:22  Hydralisk Den  
  101  10:41  Overlord x2  
  101  10:46  Evolution Chamber  
  101  10:48  Extractor  
  99  10:50  Zerg Missile Weapons Level 1  
  99  10:51  Extractor  
  99  10:54  Hydralisk  
  99  10:55  Hydralisk x4  
  108  11:13  Hydralisk x2  
  108  11:14  Hydralisk x2  
  116  11:19  Hydralisk  
  102  11:49  Hydralisk x6  
  102  11:52  Zergling x30  
  102  11:53  Zergling x12  
  135  12:03  Extractor  
  135  12:05  Lurker Den  
  135  12:07  Overseer  
  134  12:13  Overlord x3  
  134  12:14  Overlord x2  
  134  12:28  Hatchery  
  133  12:35  Drone x2  
  133  12:36  Drone x3, Hydralisk x3  
  133  12:37  Hydralisk x2  
  138  13:20  Roach x2  
Tags
 
Add a new tag
Caveats
  • Supply blocks, unpowered buildings, or Contaminate may cause inaccurate times.
  • Supply counts are checked every 10 seconds.